[Event "Live Chess"]
[Site "Chess.com"]
[Date "2024.06.01"]
[Round "-"]
[White "EPotapov05"]
[Black "MaksymYurii"]
[Result "1-0"]
[WhiteElo "1833"]
[BlackElo "934"]
[TimeControl "300"]
[EndTime "12:12:30 PDT"]
[Termination "EPotapov05 won by checkmate"]

1. d4 e5 2. dxe5 Qe7 3. Nf3 d6 4. exd6 cxd6 5. Nc3 Nf6 6. Bg5 h6 7. Nd5 Qd8 8. Nxf6+ gxf6 9. Bf4 Nc6 10. e3 d5 11.
Bb5 Bd7 12. Qxd5 Be7 13. c3 a6 14. Bc4 b5 15. Qxf7# 1-0

[Event "Live Chess"]
[Site "Chess.com"]
[Date "2024.06.01"]
[Round "-"]
[White "Queensandpawns"]
[Black "GwaryTek"]
[Result "0-1"]
[WhiteElo "2399"]
[BlackElo "1951"]
[TimeControl "300"]
[EndTime "12:12:36 PDT"]
[Termination "GwaryTek won by checkmate"]

1. e4 Nf6 2. e5 Nd5 3. c4 Nb6 4. a4 a5 5. Ra3 d6 6. exd6 cxd6 7.
Re3 Nc6 8. b3 Bf5 9. Nc3 e6 10.
d4 Be7 11. d5 Nb4 12. dxe6 Nc2+ 13. Ke2 Nxe3 14. exf7+ Kxf7 15. Bxe3 Re8 16. Qd4 Bf6 17. Qf4 Bc2 18. Kd2 Bxb3 19. Nf3 Kg8 20. Bd3 d5 21. c5 Nc4+ 22. Kc1 Bxc3 23. Qf5 g6 24. Qh3 Nxe3 25. Qh6 Bg7 26. Qh3 Qf6 27. fxe3 Qb2# 0-1

[Event "Live Chess"]
[Site "Chess.com"]
[Date "2024.06.01"]
[Round "-"]
[White "WorcesterYork"]
[Black "JanMur7"]
[Result "0-1"]
[WhiteElo "2529"]
[BlackElo "2301"]
[TimeControl "300"]
[EndTime "12:12:44 PDT"]
[Termination "JanMur7 won by resignation"]

1. d4 Nf6 2. Bg5 d5 3. Bxf6 exf6 4. e3 c5 5. dxc5 Bxc5 6. Nc3 d4 7. exd4 Qxd4 8. Qxd4 Bxd4 9. Bb5+ Bd7 10. Bxd7+ Nxd7 11. Nge2 Bb6 12. Nd5 O-O-O 13. Nxb6+ Nxb6 14. Rd1 Nc4 15. b3 Na3 16. Rxd8+ Rxd8 17. f3 Nxc2+ 18. Kf2 Nb4 19. a3 Nd3+ 20. Ke3 Ne5 21. Rc1+ Kb8 22. Nd4 Re8 23. Kf2 Nd3+ 0-1

[Event "Live Chess"]
[Site "Chess.com"]
[Date "2024.06.01"]
[Round "-"]
[White "Brooms1989"]
[Black "chess5013"]
[Result "0-1"]
[WhiteElo "1088"]
[BlackElo "1301"]
[TimeControl "300"]
[EndTime "12:12:54 PDT"]
[Termination "chess5013 won by resignation"]

1. e4 c6 2. Nf3 d5 3. exd5 cxd5 4.
Ne5 Bf5 5. Bb5+ Nd7 6. Bxd7+ Bxd7 7. Qf3 Nf6 8. d4 e6 9. O-O Bd6 10. Bg5 h6 11. Nxd7 Qxd7 12. Bxf6 gxf6 13. Qxf6 Rg8 14. Qxh6 O-O-O 15. Nd2 Rh8 0-1

[Event "Live Chess"]
[Site "Chess.com"]
[Date "2024.06.01"]
[Round "-"]
[White "Silverback7829"]
[Black "degringolade64"]
[Result "0-1"]
[WhiteElo "1168"]
[BlackElo "2062"]
[TimeControl "300"]
[EndTime "12:13:05 PDT"]
[Termination "degringolade64 won by checkmate"]

1. d4 Nf6 2. Nf3 d5 3. Nc3 e6 4. e3 Bb4 5. Bb5+ c6 6. Bd3 c5 7. dxc5 Bxc3+ 8. bxc3 Qa5 9. Ne5 Qxc3+ 10. Bd2 Qxe5 11.
Bb5+ Bd7 12. Bxd7+ Nbxd7 13. O-O O-O 14. c3 Nxc5 15. Rb1 Rac8 16. Qe2 Nfe4 17. f3 Nxd2 18. Qxd2 b6 19. Qc2 g6 20. f4 Qxe3+ 21. Kh1 Ne4 22. Rf3 Qc5 23. g4 f5 24. gxf5 exf5 25. c4 Qxc4 26.
Qxc4 dxc4 27. a3 c3 28. Rc1 Rfd8 29. Rff1 Rd2 30. Rfd1 Rcd8 31. Rxd2 cxd2 32. Rd1 Nf2+ 33. Kg1 Nxd1 34. h3 Ne3 35. Kf2 d1=Q 36. Kxe3 Rd3+ 37. Kf2 Qc2+ 38. Ke1 Rd1# 0-1

[Event "Live Chess"]
[Site "Chess.com"]
[Date "2024.06.01"]
[Round "-"]
[White "Trecregin"]
[Black "MagnersCarlsberg2870"]
[Result "1-0"]
[WhiteElo "1867"]
[BlackElo "1844"]
[TimeControl "300"]
[EndTime "12:13:14 PDT"]
[Termination "Trecregin won by resignation"]

1. e4 d5 2. d4 e5 3. dxe5 dxe4 4. Qxd8+ Kxd8 5. Bc4 Be6 6. Bxe6 fxe6 7. Nc3 Nc6 8.
Bf4 g5 9. O-O-O+ Kc8 10. Bg3 Bg7 11. Nxe4 Bxe5 12. Nf3 Bf4+ 13. Bxf4 gxf4 14. Nfg5 e5 15. Nf7 1-0

[Event "Live Chess"]
[Site "Chess.com"]
[Date "2024.06.01"]
[Round "-"]
[White "OliWally08"]
[Black "LL220284LL"]
[Result "0-1"]
[WhiteElo "1264"]
[BlackElo "2565"]
[TimeControl "300"]
[EndTime "12:13:15 PDT"]
[Termination "LL220284LL won by checkmate"]

1. e4 g6 2. Nc3 Bg7 3. d3 d6 4. Bf4 Nd7 5. g3 b6 6. Bg2 Bb7 7. Be3 e6 8. Nge2 Ngf6 9. O-O O-O 10. Qd2 Ng4 11. Bg5 f6 12. Be3 a6 13. h3 Nxe3 14.
Qxe3 Qe7 15. f4 e5 16. f5 Rf7 17. fxg6 hxg6 18. Rf2 Raf8 19. Raf1 Nc5 20. g4 Ne6 21.
Ng3 Nf4 22. Nce2 Bh6 23. Nxf4 exf4 24. Rxf4 Bxf4 25. Qxf4 Qe5 26. Qxe5 fxe5 27. Rxf7 Rxf7 28. h4 Rf4 29. h5 Rxg4 30. Ne2 gxh5 31. Kh2 Bc8 32. Bh3 Rh4 33. Kg3 Rxh3+ 34. Kg2 Kg7 35. Ng3 Rxg3+ 36. Kxg3 Kf6 37. Kh4 Bg4 38. a4 c5 39. c3 Bd1 40. d4 cxd4 41. cxd4 exd4 42. b4 Ke5 43. Kg3 Kxe4 44. b5 axb5 45. axb5 d3 46. Kf2 d2 47. Kf1 Bg4 48. Kf2 d1=Q 49. Kg3 Qe1+ 50. Kh2 Qf2+ 51. Kh1 Bf3# 0-1

[Event "Live Chess"]
[Site "Chess.com"]
[Date "2024.06.01"]
[Round "-"]
[White "StoreySniper"]
[Black "Demyan7777"]
[Result "0-1"]
[WhiteElo "2532"]
[BlackElo "1836"]
[TimeControl "300"]
[EndTime "12:13:26 PDT"]
[Termination "Demyan7777 won by resignation"]

1. e4 c5 2. Nf3 d6 3. d4 cxd4 4.
Nxd4 Nf6 5. Nc3 a6 6. Be2 e6 7.
O-O Be7 8. f4 O-O 9. Kh1 Qc7 10.
g4 b5 11. g5 Nfd7 12. f5 exf5 13. exf5 Bb7+ 14. Bf3 Ne5 15. Nd5 Qd7 16. Bg2 Bd8 17. f6 Re8 18. Bf4 g6 19. Qe1 Nf3 20. Bxf3 Rxe1 21.
Raxe1 Nc6 22. Nb6 Bxb6 23. Nxc6 Bxc6 24. Re7 Bxf3+ 25. Rxf3 Qc6 26. Kg2 Qxc2+ 27. Kg3 Qd1 28. Be3 Bxe3 29. Rfxe3 Rf8 30. h4 Qg1+ 31. Kf3 Qh2 32.
Kg4 Qxb2 33. a3 Qd4+ 34. R7e4 Qd5 35. h5 Qf5+ 36. Kh4 Qf2+ 37. Kg4 Qf5+ 38. Kh4 d5 39. Rg4 Qf2+ 40. Reg3 gxh5 41. Rb4 Re8 42. Kh3 Re3 0-1

[Event "Live Chess"]
[Site "Chess.com"]
[Date "2024.06.01"]
[Round "-"]
[White "Ferrarifan27"]
[Black "IanCalvert2"]
[Result "1-0"]
[WhiteElo "2056"]
[BlackElo "1540"]
[TimeControl "300"]
[EndTime "12:13:49 PDT"]
[Termination "Ferrarifan27 won on time"]

1. e4 d5 2. exd5 Qxd5 3. Nc3 Qd6 4. d4 Nf6 5. Nf3 a6 6. Be2 Bf5 7. O-O Nc6 8. h3 O-O-O 9. Be3 e5 10. dxe5 Nxe5 11. Qxd6 Nxf3+ 12. Bxf3 Bxd6 13. Rac1 Rhe8 14. Bg5 Be5 15. Bxf6 Bxf6 16. Nd5 Bg5 17. Rce1 Bxc2 18. h4 Bd2 19. Ne7+ Kb8 20. Re2 Bd3 21. Rxd2 Bxf1 22. Rxd8+ Rxd8 23. Kxf1 Rd2 24. Nf5 g6 25. Nh6 f5 26. g3 c6 27. h5 Rxb2 28. hxg6 hxg6 29. Ng8 g5 30. Ne7 g4 31. Be2 Rxa2 32. Nxf5 a5 33. Bxg4 a4 34. Ne3 a3 35. Be6 Rb2 36. g4 a2 37. Bxa2 Rxa2 38. g5 Kc7 39. f4 Kd6 40. g6 Ke6 41. f5+ Kf6 42. Ng4+ Kxf5 43. g7 1-0

[Event "Live Chess"]
[Site "Chess.com"]
[Date "2024.06.01"]
[Round "-"]
[White "Zhevzh1k7"]
[Black "mrsmarple1968"]
[Result "1-0"]
[WhiteElo "1101"]
[BlackElo "1744"]
[TimeControl "300"]
[EndTime "12:13:56 PDT"]
[Termination "Zhevzh1k7 won on time"]

1. e4 e5 2. f4 exf4 3. Bc4 d6 4. Nf3 Be6 5. Bxe6 fxe6 6. d4 Qf6 7. O-O g5 8. Nc3 c6 9. Qe2 Nd7 10. Bd2 O-O-O 11.
Ne1 Qxd4+ 12. Kh1 Bg7 13. Nf3 Qf6 14. Qc4 Kb8 15. Rac1 e5 16. Na4 h6 17. Ba5 Rc8 18.
b4 g4 19. Nd2 Ne7 20. Nb3 d5 21. exd5 cxd5 22. Qb5 Qc6 23. Qxc6 Rxc6 24. b5 Rc4 25. Nb2 Rcc8 26. Bd2 Nc5 27. Nxc5 Rxc5 28.
a4 Rhc8 29. Rf2 Rxc2 30. Nd3 Rxc1+ 31. Bxc1 Rc3 32. Rd2 h5 33. Bb2 Rc4 34. Nxe5 Bxe5 35. Bxe5+ Kc8 36. Rd1 Rxa4 37. h3 Rc4 38. Bxf4 Rxf4 39.
hxg4 Rxg4 40. g3 Rc4 41. Kg2 Rc5 42. b6 axb6 43. Kf3 b5 44. Kf4 b4 45. Kg5 b3 46.
Kf6 b2 47. Kxe7 1-0

[Event "Live Chess"]
[Site "Chess.com"]
[Date "2024.06.01"]
[Round "-"]
[White "DoctorMantisTobogganMD"]
[Black "Bob2pen"]
[Result "0-1"]
[WhiteElo "2176"]
[BlackElo "1898"]
[TimeControl "300"]
[EndTime "12:14:25 PDT"]
[Termination "Bob2pen won by checkmate"]

1. e4 e6 2. Nf3 d5 3. e5 c5 4. b4 cxb4 5. d4 Nc6 6. a3 bxa3 7.
c3 Nge7 8. Bd3 Bd7 9. Nxa3 a6 10. h4 Nf5 11. g4 Nfe7 12. h5 h6 13. g5 Nf5 14.
Bxf5 exf5 15. gxh6 gxh6 16. Qb3 b5 17. Qxd5 Ne7 18.
Qb3 Bc6 19. Rh3 Qd5 20. Qxd5 Nxd5 21. Bd2 Rg8 22. Kf1 a5 23. Nh4 b4 24. cxb4 axb4 25. Nc2 Rxa1+ 26. Ke2 Ra2 27. Ne3 Nxe3 28. Rxe3 Be4 29.
f3 Bc2 30. e6 fxe6 31. Rxe6+ Kd7 32. Rb6 b3 33. Bf4 Bd1+ 34. Kd3 b2 35. Nxf5 Ra3+ 36.
Kd2 Rb3 37. Ra6 Bb4+ 38. Kxd1 b1=Q+ 39. Ke2 Qe1# 0-1

[Event "Live Chess"]
[Site "Chess.com"]
[Date "2024.06.01"]
[Round "-"]
[White "KwikPhoenix"]
[Black "gmnorfolk"]
[Result "1-0"]
[WhiteElo "2452"]
[BlackElo "2060"]
[TimeControl "300"]
[EndTime "12:14:32 PDT"]
[Termination "KwikPhoenix won by resignation"]

1. b3 e5 2. Bb2 Nc6 3. e3 Nf6 4. Bb5 e4 5. c4 a6 6. Bxc6 dxc6 7. Nc3 Bd6 8. Qc2 Qe7 9. Nge2 Bf5 10. Ng3 Bg6 11.
O-O-O O-O-O 12. Nce2 h5 13. Nd4 Qd7 14. Qc3 h4 15.
Nge2 h3 16. g3 Bh5 17. Rde1 c5 18. Nc2 Bf3 19. Rhg1 Ng4 20. Nf4 Be5 21. Qa5 Bxb2+ 22. Kxb2 g5 23. Nd5 Qc6 24. Ne7+ Kb8 25. Nxc6+ bxc6 26. Qxc5 Rxd2 27. Qb4+ 1-0

[Event "Live Chess"]
[Site "Chess.com"]
[Date "2024.06.01"]
[Round "-"]
[White "NAZRIZ1977"]
[Black "Nazar-Makarchuk"]
[Result "1-0"]
[WhiteElo "2127"]
[BlackElo "1522"]
[TimeControl "300"]
[EndTime "12:14:35 PDT"]
[Termination "NAZRIZ1977 won by resignation"]

1. c4 d5 2. cxd5 Nf6 3. g3 Nxd5 4. Bg2 Nc6 5. Nf3 Nf6 6. O-O Bg4 7. h3 Bxf3 8. Bxf3 Qd6 9. Nc3 O-O-O 10. Qa4 Nd4 11. Bg2 a6 12. e3 Nc6 13. d4 Qb4 14. Bxc6 Qxa4 15. Bxa4 b5 16. Bb3 e6 17. Rd1 Bb4 18. a3 Bxc3 19. bxc3 Nd5 20. Bxd5 Rxd5 21. e4 Rd6 22.
Bf4 Rd7 23. a4 bxa4 24. Rxa4 Kb7 25. Rb1+ Ka7 26. d5 exd5 27. Be3+ 1-0

[Event "Live Chess"]
[Site "Chess.com"]
[Date "2024.06.01"]
[Round "-"]
[White "matt1979"]
[Black "nitrofish07"]
[Result "1-0"]
[WhiteElo "1384"]
[BlackElo "2125"]
[TimeControl "300"]
[EndTime "12:14:37 PDT"]
[Termination "matt1979 won by resignation"]

1. f4 d5 2. e3 c5 3. Nf3 Nc6 4. Bb5 Bd7 5. O-O g6 6. d3 Bg7 7.
Nc3 e6 8. Bxc6 Bxc6 9. Ne5 Ne7 10. Nxc6 Nxc6 11. Qe1 O-O 12. e4 Nd4 13. Qf2 b5 14. Nd1 b4 15. c3 bxc3 16. bxc3 Nc6 17. Qg3 dxe4 18. dxe4 f5 19. e5 Qb6 20. Kh1 Rad8 21. Be3 Ne7 22. Qf2 Rc8 23. c4 Rfd8 24. Nc3 a6 25. Rab1 Qa7 26. Na4 a5 27. Bxc5 Qd7 28. Nb6 Qe8 29. Nxc8 Rxc8 30. Bxe7 Qxe7 31. Rfc1 Bf8 32.
Qb6 Ra8 33. Qb7 Qxb7 34. Rxb7 h5 35. c5 Rc8 36. c6 h4 37. c7 1-0

[Event "Live Chess"]
[Site "Chess.com"]
[Date "2024.06.01"]
[Round "-"]
[White "Cruiseylee78"]
[Black "Queensandpawns"]
[Result "0-1"]
[WhiteElo "1707"]
[BlackElo "2399"]
[TimeControl "300"]
[EndTime "12:14:38 PDT"]
[Termination "Queensandpawns won by resignation"]

1. d4 e5 2. e4 exd4 3. c3 Nc6 4. Nf3 d5 5. e5 dxc3 6. Nxc3 Bg4 7. Be2 d4 8. Ne4 Qd5 9. Nc3 Qa5 10. Bd2 dxc3 11. Bxc3 Bb4 12. Qd2 Rd8 13. Qc2 Bxc3+ 14. bxc3 Nge7 15.
O-O O-O 16. h3 Bf5 17. Qb3 Nxe5 18. Nxe5 Qxe5 19. Rfe1 Be6 20. Bc4 Bxc4 21. Rxe5 Bxb3 22. Rxe7 Bd5 23. Rd1 Bc6 24. Rxc7 Rxd1+ 0-1

[Event "Live Chess"]
[Site "Chess.com"]
[Date "2024.06.01"]
[Round "-"]
[White "peteopeteo"]
[Black "Pandreq"]
[Result "1-0"]
[WhiteElo "1599"]
[BlackElo "1129"]
[TimeControl "300"]
[EndTime "12:14:40 PDT"]
[Termination "peteopeteo won on time"]

1. e4 Nf6 2. Nc3 Nc6 3. Nf3 d6 4. Bc4 h6 5. O-O e5 6. h3 Bd7 7. d3 Qc8 8. Ne2 Bxh3 9. Ng3 Be6 10. Bb3 Bxb3 11. axb3 Be7 12. Bd2 O-O 13. Nf5 Kh7 14. b4 Ng4 15. b5 Nd8 16. Nxe7 Qd7 17. Nd5 Rc8 18. c4 c6 19. bxc6 bxc6 20. Ne3 Nxe3 21.
Bxe3 c5 22. Qa4 Qxa4 23. Rxa4 Rc7 24. Rfa1 Nc6 25. Ne1 Ra8 26. Ra6 Nb4 27. Rxd6 a5 28. f4 f6 29. fxe5 fxe5 30. Nf3 Nc2 31. Re1 Nxe1 32.
Nxe1 Rb8 33. Ra6 Rxb2 34. Rxa5 Re2 35. Bf2 Rf7 36. Nf3 Kg6 37. Rxc5 Kh5 38. Rxe5+ Kg4 39. Be3 g5 40. Bf2 Ra7 41. Kf1 Raa2 42. Be1 Rxg2 43. Rb5 Kxf3 44. Rf5+ Kg4 45. Rf6 Rh2 46. Kg1 Rhe2 47.
Kf1 1-0

[Event "Live Chess"]
[Site "Chess.com"]
[Date "2024.06.01"]
[Round "-"]
[White "Richardallis"]
[Black "ACM42"]
[Result "0-1"]
[WhiteElo "2033"]
[BlackElo "2220"]
[TimeControl "300"]
[EndTime "12:14:59 PDT"]
[Termination "ACM42 won on time"]

1. d4 Nf6 2. Nf3 g6 3. Bg5 Bg7 4.
Nbd2 O-O 5. c3 d6 6. e4 Nbd7 7.
Bc4 h6 8. Bxf6 Nxf6 9. e5 Nh5 10. O-O c5 11. dxc5 dxe5 12. Qe2 Qc7 13. Qe3 Kh7 14. Rfe1 f6 15. b4 a6 16. Bd3 Nf4 17. Bc2 Be6 18.
g3 Nh3+ 19. Kg2 Rad8 20. Ne4 f5 21. Ned2 f4 22. Qe2 Bg4 23. Qc4 Ng5 24. Bxg6+ Kxg6 25. Nxe5+ Bxe5 26. gxf4 Rxf4 27. Ne4 Bf3+ 28. Kf1 Bxe4 29. Re3 Bg2+ 30. Kxg2 Rxc4 31. Rg3 Bxg3 32. hxg3 Qc6+ 0-1

[Event "Live Chess"]
[Site "Chess.com"]
[Date "2024.06.01"]
[Round "-"]
[White "Ninifu"]
[Black "Eva3337"]
[Result "1-0"]
[WhiteElo "2019"]
[BlackElo "1159"]
[TimeControl "300"]
[EndTime "12:15:02 PDT"]
[Termination "Ninifu won by resignation"]

1. d4 d5 2. e4 c6 3. c4 e6 4. Nc3 Bb4 5. e5 f6 6. Nf3 Nd7 7. Bd3 fxe5 8. dxe5 Nc5 9. Bc2 Ne7 10.
O-O Qc7 11. Re1 Bd7 12. Ng5 O-O-O 13. Nf7 Bxc3 14. bxc3 Ng6 15. Ba3 b6 16. Bxc5 bxc5 17.
Rb1 Rhf8 18. Nd6+ 1-0

[Event "Live Chess"]
[Site "Chess.com"]
[Date "2024.06.01"]
[Round "-"]
[White "f4nomore"]
[Black "bonantagulo"]
[Result "0-1"]
[WhiteElo "1202"]
[BlackElo "2047"]
[TimeControl "300"]
[EndTime "12:15:05 PDT"]
[Termination "bonantagulo won by resignation"]

1. d4 Nf6 2. Bg5 Ne4 3. Bf4 c5 4. d5 Qb6 5. c3 Qxb2 6. Nd2 Nxc3 7. Qc1 Qxc1+ 8. Rxc1 Nxd5 9. Bg3 d6 10. e4 Nf6 11. Bb5+ Bd7 12. Bc4 Nc6 13. f3 g6 14.
Ne2 Bh6 15. f4 O-O 16. O-O a6 17. Nc3 b5 18. Bd3 Nb4 19. Bb1 Bc6 20. a3 a5 21.
axb4 axb4 22. Nd5 Nxd5 23. exd5 Bxd5 24. Be4 e6 25. Bxd5 exd5 26. Nf3 b3 27. Rb1 c4 28. Nd4 b4 29. Nb5 Rfd8 30. Nc7 Ra5 31. Rfd1 c3 32.
Rxb3 Rc8 33. Nxd5 Rxd5 34. Rc1 c2 35. Rxb4 Rd1+ 0-1

[Event "Live Chess"]
[Site "Chess.com"]
[Date "2024.06.01"]
[Round "-"]
[White "nffc11"]
[Black "uselessduffer"]
[Result "1/2-1/2"]
[WhiteElo "2000"]
[BlackElo "2414"]
[TimeControl "300"]
[EndTime "12:15:10 PDT"]
[Termination "Game drawn - insufficient material"]

1. d4 Nf6 2. Nf3 e6 3. c4 Nc6 4.
g3 d5 5. Bg2 dxc4 6. O-O Rb8 7.
Bg5 h6 8. Bxf6 Qxf6 9. e4 Qd8 10. d5 Nb4 11. Na3 b5 12. b3 Nxd5 13. exd5 Bxa3 14. bxc4 O-O 15. cxb5 Qxd5 16. Qxd5 exd5 17. Rab1 Bc5 18. Rfd1 Be6 19. Ne5 Rbd8 20. Nc6 Rd7 21. a4 Ra8 22. Rbc1 Ba3 23. Rc3 Bf8 24. Rcd3 a6 25. Bxd5 Bxd5 26. Rxd5 Rxd5 27. Rxd5 axb5 28. axb5 g6 29. Rd8 Rxd8 30. Nxd8 Bd6 31. f3 Kf8 32. Kf2 Ke7 33. Nb7 Ke6 34.
Ke3 Kd5 35. Kd3 Bc5 36. h3 h5 37. g4 f5 38. gxf5 gxf5 39. Nd8 Be7 40. Nf7 Kc5 41. Nh6 f4 42. Ke4 Bd6 43. Nf7 Kxb5 44. Nxd6+ cxd6 45. Kxf4 d5 46. Ke5 Kc4 47. f4 d4 48. f5 d3 49. f6 d2 50. f7 d1=Q 51. f8=Q Qe2+ 52. Kf6 Qf3+ 53. Kg7 Qxf8+ 54. Kxf8 Kd4 55.
Kg7 Ke3 56. Kh6 Kf3 57. Kxh5 Kg3 58. Kh6 Kxh3 1/2-1/2

[Event "Live Chess"]
[Site "Chess.com"]
[Date "2024.06.01"]
[Round "-"]
[White "ProfPoisson"]
[Black "Dhaydon19"]
[Result "0-1"]
[WhiteElo "1278"]
[BlackElo "2695"]
[TimeControl "300"]
[EndTime "12:15:15 PDT"]
[Termination "Dhaydon19 won by resignation"]

1. e4 c6 2. d4 d5 3. exd5 cxd5 4.
c4 Nf6 5. Nc3 dxc4 6. Bxc4 e6 7. Nf3 Be7 8. O-O O-O 9. Bg5 Nc6 10.
Bxf6 Bxf6 11. Ne4 Bxd4 12. Nxd4 Nxd4 13. Qh5 h6 14. Rad1 Qb6 15. Qg4 f5 16. Nf6+ Rxf6 17. Qxd4 Qxd4 18. Rxd4 Rf8 19. Re1 Kf7 20. Rd6 Re8 21.
h3 a6 22. Bb3 b5 23. Rc1 Ra7 24. g4 fxg4 25. hxg4 Ke7 26. Rxe6+ Bxe6 27. Re1 Kf7 28. f4 Bxb3 29. Rxe8 Kxe8 30. axb3 Rc7 0-1

[Event "Live Chess"]
[Site "Chess.com"]
[Date "2024.06.01"]
[Round "-"]
[White "SimonB4a"]
[Black "Stanbad1"]
[Result "0-1"]
[WhiteElo "2172"]
[BlackElo "2680"]
[TimeControl "300"]
[EndTime "12:15:41 PDT"]
[Termination "Stanbad1 won by resignation"]

1. d4 Nf6 2. c4 c5 3. d5 b5 4.
cxb5 a6 5. b6 e6 6. Nc3 Nxd5 7.
Nxd5 exd5 8. Qxd5 Nc6 9. Bd2 Be7 10. Nf3 O-O 11. e3 Qxb6 12. Bc3 d6 13. Bd3 Nb4 14. Qe4 Nxd3+ 15. Qxd3 Be6 16. O-O Rfd8 17. Rfd1 Qb5 18.
Qc2 a5 19. a4 Qb7 20. Qd2 d5 21. Bxa5 Rdb8 22. Bc3 Ra6 23. h3 h6 24. Qe2 Rba8 25. Qc2 Qc6 26. Ne5 Qe8 27. a5 Qb5 28. f4 d4 29. exd4 cxd4 30. Rxd4 Bc5 31. Qf2 Rd6 32.
Rad1 Bxd4 33. Bxd4 Qxa5 34. Kh2 Qa4 35. Rd2 Rad8 36.
f5 Bc8 37. Bc3 Rxd2 38. Bxd2 Qe4 39. Bc3 Qxf5 40. Qb6 Re8 41. Qc6 Rxe5 0-1

[Event "Live Chess"]
[Site "Chess.com"]
[Date "2024.06.01"]
[Round "-"]
[White "Delacorta"]
[Black "Thebigsqueeze"]
[Result "0-1"]
[WhiteElo "1506"]
[BlackElo "2290"]
[TimeControl "300"]
[EndTime "12:16:07 PDT"]
[Termination "Thebigsqueeze won by resignation"]

1. d4 Nf6 2. Nf3 e6 3. e3 c5 4. Bd3 Nc6 5. b3 cxd4 6. exd4 d6 7.
Bb2 g6 8. Nbd2 Bg7 9. O-O O-O 10. Rb1 Bd7 11. c4 Qc7 12. h3 e5 13. dxe5 dxe5 14. Ne4 Nxe4 15. Bxe4 f5 16. Bd5+ Kh8 17. Qe2 Rae8 18.
Ng5 Bc8 19. Ba3 Rf6 20. Rfe1 e4 21. h4 h6 22. Nh3 Nd4 23. Qd1 Ra6 24. Bb2 Ne6 25.
Bxg7+ Qxg7 26. Bxe6 Bxe6 27. Nf4 Bf7 28. Qd7 Rxa2 29.
Qxb7 g5 30. hxg5 hxg5 31. Nd5 Bxd5 32. Qxg7+ Kxg7 33. cxd5 Rd8 34. Red1 Kf6 35. b4 Ke5 36. b5 Rxd5 37. Rxd5+ Kxd5 38. b6 axb6 39. Rxb6 Ra1+ 40.
Kh2 Ra5 41. Rb1 Ke5 42. Re1 f4 43. f3 e3 44. Kg1 Kf5 45. Re2 g4 46. Kf1 gxf3 47.
gxf3 Ra1+ 48. Kg2 Rd1 49. Kh3 Rd2 50. Rg2 e2 0-1

[Event "Live Chess"]
[Site "Chess.com"]
[Date "2024.06.01"]
[Round "-"]
[White "Dave_Barnes"]
[Black "dl_chess"]
[Result "0-1"]
[WhiteElo "1367"]
[BlackElo "1183"]
[TimeControl "300"]
[EndTime "12:16:33 PDT"]
[Termination "dl_chess won on time"]

1. e4 e6 2. c4 d5 3. cxd5 exd5 4.
Qb3 c6 5. exd5 cxd5 6. Bb5+ Nc6 7. Nf3 Nf6 8. O-O Be7 9. Ne5 Bd7 10. Nxd7 Qxd7 11.
Re1 O-O 12. d3 a6 13. Bxc6 Qxc6 14. Nc3 Rfe8 15. Bf4 Rac8 16. Rac1 Qd7 17. Bg5 h6 18. Bxf6 Bxf6 19. Nxd5 Rxc1 20. Rxc1 Re2 21. Nxf6+ gxf6 22. Kf1 Qe7 23. d4 Re4 24. Qd3 f5 25. f3 Rf4 26. g3 Qg5 27. gxf4 Qxf4 28. Rc8+ Kg7 29. Qe2 Qxd4 30. Qg2+ Kf6 31. Rc2 Qd1+ 32. Kf2 Qxc2+ 0-1

[Event "Live Chess"]
[Site "Chess.com"]
[Date "2024.06.01"]
[Round "-"]
[White "JohanKjeldahl"]
[Black "WelshTiger"]
[Result "0-1"]
[WhiteElo "1829"]
[BlackElo "2541"]
[TimeControl "300"]
[EndTime "12:16:33 PDT"]
[Termination "WelshTiger won by checkmate"]

1. c4 e6 2. Nc3 d5 3. d4 c5 4. Nf3 Nc6 5. cxd5 exd5 6. dxc5 d4 7. Ne4 Nf6 8. Qc2 Be7 9. Bf4 O-O 10. Nd6 Be6 11. Ng5 Bd5 12. f3 h6 13. Nge4 Nxe4 14. fxe4 Be6 15. e5 Qd7 16. g3 Bd5 17. Rg1 f6 18.
exf6 Bxf6 19. O-O-O Nb4 20. Qd2 Nxa2+ 21. Kb1 Qa4 22. e4 Bb3 23. Re1 Nb4 24. Bc4+ Bxc4 25. Nxc4 Qa2+ 26. Kc1 Qa1# 0-1

[Event "Live Chess"]
[Site "Chess.com"]
[Date "2024.06.01"]
[Round "-"]
[White "koekoekoe"]
[Black "gobbles19"]
[Result "0-1"]
[WhiteElo "2061"]
[BlackElo "2231"]
[TimeControl "300"]
[EndTime "12:16:58 PDT"]
[Termination "gobbles19 won by resignation"]

1. d4 Nf6 2. Bf4 e6 3. e3 c5 4. c3 Qb6 5. Qb3 Nd5 6. Bg3 cxd4 7. exd4 f5 8. Nf3 Be7 9. Bc4 f4 10. Bh4 Bxh4 11. Nxh4 Qxb3 12. Bxb3 Nf6 13. Nd2 b6 14. Nhf3 Bb7 15. O-O-O O-O 16. Rhe1 Nc6 17. Nc4 Ba6 18.
Nce5 Na5 19. Ba4 b5 20. Bc2 Rac8 21. Ng5 Bb7 22. f3 Nc6 23. Ne4 Nxe5 24. Nxf6+ gxf6 25. dxe5 Bd5 26. Bb3 Bxb3 27. axb3 Rc7 28. Rd6 Kg7 29. Re4 fxe5 30. Rxe5 Kf6 31. Rxb5 Rg8 32. Rh5 Rxg2 33. Rxh7 Rf2 34. Rdxd7 Rxd7 35. Rxd7 Rxf3 36. c4 Rxb3 37. c5 f3 38. Rd2 Rb5 39. Rc2 Ke7 40. Kd1 Kd7 41. Ke1 Kc6 42. h4 Rb4 43. Kf2 Rxh4 44. Kxf3 Rh5 45. b4 Rh4 46. Rb2 a6 47. Ke3 Rc4 48. Kd3 Rc1 49. Re2 Kd5 50. Rc2 Rh1 51. c6 Rh3+ 52. Kd2 Rh2+ 53. Kc1 Rxc2+ 54. Kxc2 Kxc6 55.
Kb3 e5 56. Ka4 e4 57. Kb3 Kb5 0-1

[Event "Live Chess"]
[Site "Chess.com"]
[Date "2024.06.01"]
[Round "-"]
[White "degringolade64"]
[Black "WorcesterYork"]
[Result "1-0"]
[WhiteElo "2090"]
[BlackElo "2514"]
[TimeControl "300"]
[EndTime "12:17:16 PDT"]
[Termination "degringolade64 won by checkmate"]

1. e4 c5 2. Nf3 Nc6 3. Bb5 d6 4. O-O Bd7 5. Re1 Nf6 6. c3 a6 7. Bf1 Bg4 8. d4 cxd4 9. cxd4 e5 10. d5 Nd4 11. Be3 Bxf3 12. gxf3 Be7 13. Bxd4 exd4 14. Qxd4 O-O 15. Nc3 Nd7 16. f4 Bf6 17. Qd3 Re8 18. Bg2 Rc8 19. Rac1 Qa5 20. a3 g6 21. e5 dxe5 22.
Ne4 Rxc1 23. Rxc1 exf4 24. Bh3 Bxb2 25. Bxd7 Bxc1 26. Nf6+ Kg7 27. Nxe8+ Kh6 28. Qh3+ Kg5 29. Qg4+ Kh6 30. Qh4# 1-0

[Event "Live Chess"]
[Site "Chess.com"]
[Date "2024.06.01"]
[Round "-"]
[White "Dhaydon19"]
[Black "nitrofish07"]
[Result "1-0"]
[WhiteElo "2696"]
[BlackElo "2124"]
[TimeControl "300"]
[EndTime "12:17:24 PDT"]
[Termination "Dhaydon19 won by resignation"]

1. d4 d5 2. Nf3 Nf6 3. g3 g6 4. Bg2 Bg7 5. O-O O-O 6. c3 c6 7. Nbd2 Nbd7 8. Re1 a5 9. e4 dxe4 10. Nxe4 Nxe4 11. Rxe4 Nf6 12. Re1 Bg4 13. Qb3 Qd7 14. Ne5 Qf5 15. Qxb7 Bh3 16. Qxc6 Bxg2 17. Qxg2 e6 18.
Nc6 a4 19. Ne7+ 1-0

[Event "Live Chess"]
[Site "Chess.com"]
[Date "2024.06.01"]
[Round "-"]
[White "grillage"]
[Black "dhairyapandyauk"]
[Result "1/2-1/2"]
[WhiteElo "1870"]
[BlackElo "1656"]
[TimeControl "300"]
[EndTime "12:17:27 PDT"]
[Termination "Game drawn - insufficient material"]

1. d4 Nf6 2. Nf3 d5 3. c4 e6 4. cxd5 exd5 5. Nc3 Bf5 6. Bg5 c6 7. Qb3 Qb6 8. Qxb6 axb6 9. Bxf6 gxf6 10. e3 Bb4 11.
Kd2 Nd7 12. a3 b5 13. Bd3 Bxd3 14. Kxd3 Bxc3 15. Kxc3 Nb6 16. b3 Kd7 17. Nh4 Ke6 18. g4 h5 19. h3 Rag8 20. f3 Nc8 21. Nf5 Nd6 22. Nxd6 Kxd6 23. a4 bxa4 24. bxa4 Re8 25. Kd3 hxg4 26. hxg4 Rxh1 27. Rxh1 Ra8 28. Ra1 b5 29. a5 Kc7 30. Kc3 Kb7 31. Kb4 Re8 32.
Ra3 Ka6 33. Kc5 Re6 34. f4 Kb7 35. a6+ Ka7 36. f5 Re4 37. Kxc6 b4 38. Rb3 Kxa6 39. Rxb4 Ka5 40. Rb3 Ka4 41. Kxd5 Rxg4 42. Rb7 Rg3 43. e4 Rg7 44. e5 fxe5 45. Kxe5 f6+ 46. Kxf6 Rxb7 47. Ke6 Kb5 48. d5 Kc5 49. d6 Rb6 50. f6 Rxd6+ 51. Ke7 Ra6 52. f7 Ra7+ 53. Ke8 Ra8+ 54.
Ke7 Ra7+ 55. Ke8 Kd5 56. f8=Q Ra8+ 57. Kf7 Rxf8+ 58. Kxf8 1/2-1/2